Map: Abiogenesis LE

Players

Pacane - Winner!

  • Race: Zerg Zerg
  • League: Gold
  • Spawn Location: 11:00

jurgenrp

  • Race: Terran Terran
  • League: Platinum
  • Spawn Location: 5:00

VOD

Have the link to the VOD?

Description

Time

  • Played on: Feb. 24, 2018, 7:04 p.m.
  • Length: 20:00
Show
View Real Time Build Order
Export as new Build Order

Pacane Zerg - Winner!

Build Orders: Hatch First, Swarm Host 

Get SALT Encoding   

  12  0:01  Drone  
  13  0:12  Overlord  
  13  0:17  Drone  
  14  0:31  Drone x2  
  14  0:34  Drone  
  17  0:54  Hatchery  
  17  0:56  Drone  
  17  1:00  Drone  
  18  1:10  Extractor  
  17  1:16  Spawning Pool  
  16  1:19  Drone  
  16  1:22  Drone  
  18  1:28  Drone  
  19  1:39  Overlord  
  19  1:50  Drone  
  20  2:05  Queen  
  20  2:06  Queen  
  20  2:08  Zergling x4  
  26  2:13  Metabolic Boost  
  26  2:15  Drone  
  27  2:18  Drone  
  27  2:22  Drone  
  30  2:30  Drone  
  30  2:33  Overlord  
  30  2:50  Queen  
  32  2:54  Drone x2  
  34  3:01  Drone  
  35  3:17  Drone x2  
  35  3:18  Drone x5  
  35  3:19  Queen  
  44  3:38  Overlord x2  
  44  3:39  Overlord x2  
  44  4:01  Queen  
  46  4:04  Lair  
  46  4:06  Drone x5  
  51  4:10  Extractor  
  51  4:12  Extractor  
  49  4:20  Spore Crawler  
  49  4:22  Spore Crawler  
  47  4:24  Drone x2  
  49  4:32  Overlord x2  
  49  4:36  Hatchery  
  38  5:02  Drone x6  
  44  5:23  Queen  
  44  5:25  Queen  
  48  5:34  Drone x3  
  51  5:36  Extractor  
  51  5:39  Drone x6  
  56  5:53  Evolution Chamber  
  56  5:55  Roach Warren  
  54  5:59  Queen  
  54  6:01  Queen  
  58  6:09  Drone x7  
  65  6:17  Hydralisk Den  
  64  6:20  Infestation Pit  
  63  6:33  Drone x6  
  69  6:40  Zerg Ground Armor Level 1  
  69  6:44  Glial Reconstitution  
  69  6:47  Evolution Chamber  
  69  6:49  Hatchery  
  67  7:06  Roach  
  67  7:07  Roach x2  
  72  7:29  Spore Crawler  
  71  7:31  Muscular Augments  
  71  7:32  Hydralisk  
  73  7:38  Overlord x4  
  73  7:40  Spore Crawler  
  73  7:41  Spore Crawler  
  71  8:01  Hive  
  71  8:14  Hydralisk  
  71  8:15  Hydralisk x10  
  93  8:23  Queen, Drone  
  96  8:28  Zerg Missile Weapons Level 1  
  96  8:35  Zergling x8  
  100  8:43  Grooved Spines  
  100  8:53  Drone  
  100  8:54  Drone x8  
  109  8:56  Overlord  
  109  9:25  Hydralisk x2  
  109  9:26  Hydralisk x3  
  109  9:28  Overlord x5  
  119  9:45  Queen, Extractor  
  119  9:46  Drone x2  
  119  9:48  Drone x3, Extractor  
  119  9:50  Drone  
  119  10:14  Roach x2  
  119  10:15  Roach x15  
  147  10:32  Extractor  
  147  10:34  Extractor  
  145  10:36  Ultralisk Cavern  
  145  10:41  Zerg Ground Armor Level 2, Zerg Missile Weapons Level 2  
  144  10:44  Queen  
  144  10:48  Adrenal Glands  
  146  10:51  Overlord x6  
  146  10:53  Overseer x2  
  146  11:11  Swarm Host  
  146  11:12  Swarm Host x11  
  182  11:27  Drone  
  182  11:28  Drone x5  
  182  11:29  Drone x2  
  190  11:33  Chitinous Plating  
  190  11:37  Ultralisk  
  196  11:56  Roach x2  
  184  13:23  Ultralisk  
  184  13:24  Ultralisk  
  196  13:30  Ravager  
  196  13:32  Ravager  
  154  13:48  Roach x3  
  138  13:49  Roach x17  
  176  13:57  Overlord x2  
  176  13:58  Overlord  
  176  14:38  Zerg Ground Armor Level 3  
  176  14:39  Zerg Melee Weapons Level 1  
  176  14:50  Drone  
  176  14:51  Drone x5  
  182  14:58  Hatchery  
  181  15:01  Hatchery  
  166  15:38  Roach  
  166  15:39  Roach x17  
  158  15:54  Hydralisk x4  
  156  16:13  Spire  
  155  16:19  Hydralisk  
  155  16:20  Hydralisk x7  
  171  16:28  Overlord x2  
  137  16:55  Hydralisk x8  
  137  16:56  Hydralisk x8  
  131  17:14  Roach  
  131  17:15  Hydralisk  
  133  17:16  Hydralisk x6  
  133  17:19  Queen x4  
  143  17:36  Roach x10  
  126  17:52  Ultralisk  
  126  17:53  Ultralisk x10  
  183  18:11  Ultralisk x3  
  148  18:49  Queen x3  
  148  18:52  Hydralisk x7  
  148  18:53  Hydralisk x5  
  178  19:00  Drone x2  
  178  19:01  Drone  
  169  19:24  Hydralisk x4  
Show
View Real Time Build Order
Export as new Build Order

jurgenrp Terran 

Build Orders:  

Get SALT Encoding   

  12  0:01  SCV  
  13  0:13  SCV  
  14  0:23  Supply Depot  
  14  0:28  SCV  
  15  0:29  Refinery  
  15  0:45  SCV  
  15  0:47  Barracks  
  16  0:57  SCV  
  17  1:09  SCV  
  18  1:14  Engineering Bay  
  18  1:16  Refinery  
  18  1:21  SCV  
  19  1:33  SCV  
  19  1:39  Factory  
  20  1:45  SCV  
  21  1:49  Barracks Reactor  
  21  1:57  SCV  
  22  2:02  Supply Depot  
  22  2:10  SCV  
  22  2:15  Terran Infantry Weapons Level 1  
  23  2:23  SCV  
  24  2:45  Command Center  
  24  2:53  Hellion  
  26  3:00  Orbital Command  
  26  3:12  Starport  
  26  3:17  Hellion  
  28  3:26  Barracks Reactor  
  28  3:28  SCV  
  28  3:31  Hellion  
  31  3:47  Supply Depot  
  31  3:56  Viking  
  31  3:57  Hellion  
  31  4:01  Supply Depot  
  35  4:07  SCV x2  
  37  4:25  SCV x2  
  39  4:33  Refinery  
  39  4:37  SCV x2  
  39  4:49  SCV  
  34  5:04  Viking  
  34  5:05  SCV x2  
  38  5:07  Missile Turret  
  38  5:10  Marine x2  
  40  5:17  Terran Infantry Armor Level 1  
  40  5:20  Barracks, Factory Tech Lab  
  40  5:21  Armory  
  40  5:23  Barracks  
  40  5:28  Marine  
  40  5:30  Orbital Command  
  41  5:40  SCV  
  42  5:43  Siege Tank  
  42  5:48  Marine x2  
  47  5:52  SCV  
  47  5:56  SCV  
  49  6:04  Supply Depot, SCV  
  50  6:07  Marine x2  
  50  6:08  SCV  
  53  6:16  Supply Depot, SCV  
  54  6:19  Terran Vehicle Weapons Level 1  
  54  6:20  SCV  
  54  6:23  Engineering Bay  
  55  6:27  Starport Tech Lab, Barracks Reactor  
  55  6:28  SCV  
  55  6:31  Marine  
  55  6:32  Marine x3  
  58  6:37  SCV  
  61  6:40  SCV  
  61  6:46  Refinery  
  62  6:49  SCV  
  62  6:52  SCV  
  64  7:01  SCV  
  63  7:12  Fusion Core  
  63  7:22  Marine x2  
  63  7:24  Banshee  
  63  7:25  Cloaking Field  
  66  7:33  Command Center  
  66  7:34  Thor  
  66  7:35  Command Center  
  72  7:37  Terran Infantry Weapons Level 2  
  72  7:38  Terran Infantry Armor Level 2  
  72  7:40  Armory  
  72  7:42  Marine x2  
  72  7:44  Marine x2  
  76  7:51  Barracks  
  76  7:52  Barracks Tech Lab  
  76  7:53  Supply Depot  
  76  7:59  SCV x2  
  78  8:13  Terran Ship Weapons Level 1  
  78  8:15  Supply Depot  
  78  8:19  Supply Depot  
  78  8:20  Thor  
  78  8:23  SCV x2  
  86  8:32  Banshee  
  89  8:37  Terran Vehicle And Ship Armor Level 1  
  89  8:38  Supply Depot  
  89  8:40  Barracks Tech Lab  
  89  8:41  Stimpack  
  89  9:15  Missile Turret  
  89  9:28  Planetary Fortress  
  89  9:35  Bunker  
  88  9:41  Marine x2  
  88  9:42  Marine x2  
  92  9:53  SCV x2  
  92  9:59  Marine x2  
  95  10:05  SCV x3  
  95  10:15  Liberator  
  95  10:17  SCV x2  
  95  10:18  SCV  
  95  10:23  Thor  
  95  10:24  Marine x2  
  95  10:25  Marine x2  
  95  10:28  Combat Shields  
  105  10:29  Marauder, SCV  
  105  10:30  Marauder, SCV x2  
  105  10:33  Advanced Ballistics  
  115  10:42  Factory x2  
  115  10:47  Command Center  
  115  10:49  Marine x4  
  119  10:51  SCV x2  
  119  10:53  Refinery, SCV  
  119  10:55  Refinery  
  122  11:03  SCV x2  
  124  11:06  Siege Tank, SCV  
  128  11:15  SCV x2  
  128  11:16  Marine x2  
  128  11:17  Marine  
  133  11:23  Terran Vehicle And Ship Armor Level 2  
  133  11:29  Marauder x2, Marine, Terran Infantry Weapons Level 3, SCV  
  139  11:47  Raven  
  141  11:59  Marauder x2, Thor  
  151  12:03  Supply Depot x2  
  151  12:21  Marauder x2  
  155  12:25  Supply Depot  
  155  12:26  Supply Depot  
  146  12:30  Marine x4  
  148  12:42  Marauder  
  131  12:48  Marine x3, Supply Depot  
  131  12:51  Supply Depot  
  132  13:05  Barracks Tech Lab  
  132  13:10  Starport  
  118  13:38  Liberator x3  
  89  13:48  Marine  
  89  13:49  Marine x5  
  89  13:51  Factory Tech Lab  
  89  13:53  Factory Tech Lab  
  101  13:58  Terran Ship Weapons Level 2  
  101  13:59  Terran Vehicle And Ship Armor Level 3  
  104  14:06  Marine x2  
  104  14:07  Marauder x2  
  110  14:15  Command Center  
  110  14:29  Marauder x2  
  114  14:38  Terran Infantry Armor Level 3  
  114  14:50  Marauder x2  
  118  14:56  Liberator  
  118  15:12  Viking  
  99  15:29  Liberator x2  
  96  15:39  Liberator  
  94  15:57  Planetary Fortress  
  94  16:07  Marauder x2  
  96  16:28  Marauder x2  
  96  16:29  Medivac x2  
  65  17:12  Marauder x2, Marine x2  
  71  17:30  Marine x2  
  71  17:33  Marauder, Marine  
  47  18:44  Command Center  
  47  18:45  Marine  
  47  18:46  Marine  
Tags
 
Composition
Swarm Host
Matchup
TvZ
Spawn Locations
Cross Positions
Add a new tag
Caveats
  • Supply blocks, unpowered buildings, or Contaminate may cause inaccurate times.
  • Supply counts are checked every 10 seconds.